 Dungeon Crawl Stone Soup version 0.22-a0-389-g8519d86 (webtiles) character file.

215 mortelune the Chopper (level 5, 0/69 HPs)
             Began as a Hill Orc Gladiator on Apr 30, 2018.
             Succumbed to a worker ant's poison
             ... on level 3 of the Dungeon.
             The game lasted 00:06:18 (3211 turns).

mortelune the Chopper (Hill Orc Gladiator)          Turns: 3211, Time: 00:06:19

Health: 0/69       AC: 22    Str: 23    XL:     5   Next: 92%
Magic:  5/5        EV:  2    Int:  8    God:
Gold:   110        SH:  0    Dex: 17    Spells: 4/4 levels left

rFire    + . .     SeeInvis .   a - +0 war axe
rCold    x . .     Gourm    .   (no shield)
rNeg     + + +     Faith    .   (armour currently unavailable)
rPois    +         Spirit   .   (helmet currently unavailable)
rElec    .         Reflect  .   (cloak currently unavailable)
rCorr    .         Harm     .   (gloves currently unavailable)
MR       .....     NoTele   +   (boots currently unavailable)
Stlth    ++++......             (no amulet)
HPRegen  0.21/turn              e - ring of fire
MPRegen  0.09/turn              i - ring of stealth

@: mighty, agile, lethally poisoned (0 -> -1), tree-form
A: no striking features
a: no special abilities


You were on level 3 of the Dungeon.
You were very hungry.
You were a tree.
You visited 1 branch of the dungeon, and saw 4 of its levels.

You collected 110 gold pieces.

Inventory:

Hand Weapons
 a - a +0 war axe (weapon)
Missiles
 d - 3 throwing nets
 q - a javelin (quivered)
Armour
 b - a +0 leather armour
 c - a +0 helmet (melded)
 o - a +0 ring mail (melded)
 v - a +2 buckler
Jewellery
 e - a ring of fire (left branch)
 i - a ring of stealth (right branch)
Scrolls
 g - a scroll of enchant weapon {unknown}
 j - 4 scrolls of remove curse
 k - 2 scrolls of teleportation
 l - 2 scrolls of amnesia
 n - a scroll of blinking {unknown}
 p - a scroll of identify
 r - a scroll of magic mapping {unknown}
 t - a scroll of enchant armour {unknown}
 u - a scroll of noise {unknown}
Comestibles
 f - 5 rations


   Skills:
 + Level 4.0 Fighting
 * Level 6.6 Axes
 - Level 1.7 Throwing
 + Level 2.7 Armour
 - Level 2.4 Dodging


You had 4 spell levels left.
You didn't know any spells.

Dungeon Overview and Level Annotations

Branches:
Dungeon (4/15)
 Temple: D:4-7

Altars:
Hepliaklqana

Annotations:
D:3 Anon1729's ghost, amateur DrCj; Grinder
D:4 tilp's ghost, amateur MfIE


Message History

You slash the worker ant!
You kill the worker ant!
Your Fighting skill increases to level 4!
You hit the worm. The worm bites you but does no damage.
You cannot move.
You cannot move.
You cannot move.
You cannot move.
You slash the worm!
The worm is severely wounded.
* * * LOW HITPOINT WARNING * * *
You feel sick.
You slice the worm!!
You kill the worm!
It was a potion of agility.
You feel agile all of a sudden.
You cannot move.
You cannot move.
You cannot move.
You die...

#.#.# ####.# ..#.####
#....# .......# #.##.#
#.####.# #.##.# ..# #.##
#....# #.# ..#####
####.# #.# #.....#
####.#
#.#####.###.#####†##.#
................♣....#
#.#####.###.#..†#....#
... ...#.....#.#.##.#
#######..##.......##.###
##.##.#.##.......#
..#.#.##.###.###
#.#.#........#
#.#.####.##### #... #.#


There were no monsters in sight!

Vanquished Creatures
  An orc wizard (D:2)
  A worker ant (D:3)
  A gnoll (D:1)
  8 adders
  3 worms
  A dart slug (D:2)
  2 leopard geckos (D:1)
  8 orcs
  A giant cockroach (D:2)
  6 goblins
  5 hobgoblins
  9 kobolds
  A quokka (D:3)
  8 bats
  5 frilled lizards
  10 rats
70 creatures vanquished.

Notes
Turn   | Place    | Note
-------+----------+-------------------------------------------
     0 | D:1      | mortelune the Hill Orc Gladiator began the quest for the Orb.
     0 | D:1      | Reached XP level 1. HP: 18/18 MP: 1/1
   117 | D:1      | Reached XP level 2. HP: 23/25 MP: 2/2
   360 | D:1      | Reached skill level 1 in Armour
   360 | D:1      | Reached XP level 3. HP: 27/30 MP: 3/3
   621 | D:1      | Reached skill level 5 in Axes
  1264 | D:2      | Reached XP level 4. HP: 38/38 MP: 4/4
  1780 | D:3      | Noticed Anon1729's ghost (amateur DrCj)
  2080 | D:2      | Reached skill level 6 in Axes
  2080 | D:2      | Reached XP level 5. HP: 15/45 MP: 5/5
  2473 | D:3      | Found a hazy altar of Hepliaklqana.
  2596 | D:4      | Noticed tilp's ghost (amateur MfIE)
  3164 | D:3      | Noticed Grinder
  3205 | D:3      | HP: 1/46 [worker ant (5)]
  3211 | D:3      | Succumbed to a worker ant's poison

Vault maps used:
D:1:      mrwooster_arrival_arrow, fountainhead
D:2:      st_stairs_6
D:3:      lemuel_doored_altar, nicolae_qazlal_eye_of_the_storm, uniq_grinder
D:4:      kennysheep_little_box, first_ration, serial_shops, shop,
          grunt_ministairs_15, uniq_menkaure

Skill      XL: |  1  2  3  4  5 |
---------------+----------------+-----
Armour         | 1 2 |  2.7
Fighting       | 3 4 |  4.0
Axes           | 5 6 |  6.6
Throwing       | |  1.7
Dodging        | |  2.4

Action                   |  1- 3 |  4- 6 || total
-------------------------+-------+-------++-------
Melee: War axe           |    86 |   117 ||   203
Throw: Javelin           |     2 |       ||     2
  Use: Scroll            |     4 |       ||     4
       Potion            |       |     3 ||     3
 Stab: Sleeping          |       |     2 ||     2
  Eat: Chunk             |     1 |     2 ||     3
       Ration            |       |     1 ||     1
Armor: Leather armour    |    33 |    38 ||    71
       Ring mail         |       |    13 ||    13
       Skin              |       |     2 ||     2
Dodge: Dodged            |    55 |    87 ||   142

Table legend:
 A = Spawn XP
 B = Non-spawn XP
 C = Spawn XP percentage of total XP
 D = Spawn monster count
 E = Non-spawn monster count
 F = Spawn count percentage of total count
 G = Total turns spent on level
                    A         B        C        D         E        F      G
               +---------+---------+-------+---------+---------+-------+---------
         Total |       0 |     308 |   0.0 |       0 |      70 |   0.0 |  3211
               +---------+---------+-------+---------+---------+-------+---------
           D:1 |       0 |      56 |   0.0 |       0 |      27 |   0.0 |   877
           D:2 |       0 |     118 |   0.0 |       0 |      25 |   0.0 |  1804
           D:3 |       0 |     107 |   0.0 |       0 |      16 |   0.0 |   452
           D:4 |       0 |      27 |   0.0 |       0 |       2 |   0.0 |    78
               +---------+---------+-------+---------+---------+-------+---------
